 Dungeon Crawl Stone Soup version 0.28-a0-948-gee6e0bc (webtiles) character file.

Game seed: 44202947103665927

18673 Dorkslayer the Thaumaturge (level 12, -17/84 HPs)
             Began as a Djinni Conjurer on Nov 30, 2021.
             Was a High Priest of Dithmenos.
             Demolished by an orc warlord (23 damage)
             ... on level 2 of the Orcish Mines.
             The game lasted 01:06:41 (10315 turns).

Dorkslayer the Thaumaturge (Djinni Conjurer)       Turns: 10315, Time: 01:06:42

Health: -17/84     AC:  9    Str:  9    XL:     12   Next: 98%
Gold:   1225       EV: 14    Int: 24    God:    Dithmenos [*****.] SH:  0 Dex: 12

rFire   + + .      SeeInvis +   C - +8 short sword of Blood {holy, +Blink rElec rC+ Str+2}
rCold   . . .      Faith    .   (no shield)
rNeg    . . .      Spirit   .   n - +2 robe {Will+}
rPois   ∞          Reflect  .   (no helmet)
rElec   +          Harm     .   c - +0 cloak
rCorr   .          Rampage  .   (no gloves)
Will    ++...                   (boots unavailable)
Stlth   ++++......              e - amulet of regeneration
HPRegen 1.04/turn               h - +4 ring of protection
MPRegen 0.00/turn               B - ring of see invisible

@: flying, wreathed by umbra, studying Long Blades
A: sickness immunity, fire resistance 2, cold vulnerability 1, float, innate
caster, hp casting, extra vitality 1
a: Renounce Religion, Evoke Blink, Shadow Step, Shadow Form


You were on level 2 of the Orcish Mines.
You worshipped Dithmenos.
Dithmenos was extremely pleased with you.
You visited 2 branches of the dungeon, and saw 11 of its levels.
You also visited: Sewer and Ossuary.

You collected 1225 gold pieces.

Inventory:

Hand Weapons
 m - a +4 falchion of holy wrath
 C - the +8 short sword of Blood (weapon) {holy, +Blink rElec rC+ Str+2}
   (You found it on level 9 of the Dungeon)

   It has been blessed by the Shining One to cause great damage to the undead
   and demons.
   Str:       It affects your strength (+2).
   rC:        It protects you from cold.
   rElec:     It insulates you from electricity.
   +Blink:    It lets you blink.
Missiles
 g - 204 stones
 l - 4 atropa-tipped darts
 w - 3 javelins (quivered)
Armour
 c - a +0 cloak (worn)
 n - a +2 robe of willpower (worn)
Jewellery
 e - an amulet of regeneration (around neck)
 h - a +4 ring of protection (left hand)
 B - a ring of see invisible (right hand)
Wands
 o - a wand of polymorph (13)
 t - a wand of acid (9)
 v - a wand of mindburst (22)
 x - a wand of digging (3)
 A - a wand of flame (19)
Scrolls
 b - a scroll of identify
 j - a scroll of immolation
 s - 2 scrolls of teleportation
Potions
 a - 3 potions of lignification
 d - a potion of berserk rage
 i - a potion of might
 k - a potion of ambrosia
 z - 2 potions of attraction
Miscellaneous
 y - a box of beasts (inert)


   Skills:
 * Level 6.4 Fighting
 * Level 3.1(6.3) Short Blades
 * Level 8.7(9.0) Long Blades
 * Level 6.6 Dodging
 + Level 4.3 Stealth
 + Level 12.8 Spellcasting
 * Level 6.7 Invocations
 * Level 5.9 Evocations


You had 9 spell levels left.
You knew the following spells:

 Your Spells              Type           Power      Damage    Failure   Level
a - Magic Dart            Conj           100%       1d8       1%          1
b - Searing Ray           Conj           100%       2d8       1%          2
c - Dazzling Flash        Conj/Hex       100%       N/A       1%          3
d - Fulminant Prism       Conj/Hex       33%        3d16      1%          4
e - Iskenderun's Mystic   Conj/Tloc      67%        2d14      1%          4
f - Sandblast             Erth           100%       2d20      1%          1
g - Blink                 Tloc           100%       N/A       1%          2
h - Wereblood             Tmut           67%        N/A       1%          2
i - Vampiric Draining     Necr           67%        2d10      1%          3
j - Summon Forest         Summ/Tloc      33%        N/A       1%          5
Your spell library was empty.

Dungeon Overview and Level Annotations

Branches:
Dungeon (9/15)             Temple (0/1) D:5             Orc (2/2) D:9
  Sewer (visited)         Ossuary (visited)
   Lair: D:8-11         Elf: Orc:2

Altars:
Dithmenos
Elyvilon
Hepliaklqana
Makhleb
Okawaru
Qazlal
Uskayaw
Vehumet
Wu Jian
Yredelemnul
Zin
Beogh

Shops:
D:1 :   D:5 [


Innate Abilities, Weirdness & Mutations

You are immune to sickness and miasma.
You are immune to poison.
Your flesh is very heat resistant. (rF++)
You are vulnerable to cold. (rC-)
You float through the air rather than walking.
You learn spells naturally, not from books.
Your magical power is your life essence.
You have superior vitality. (+4 HP)


Message History

Press: ? - help, Shift-Dir - straight line, f/p - orc warlord
Aim: an orc warlord, wielding a +2 war axe of flaming and wearing a +3 plate armour of cold resistance (strong, ally target, umbra, 90% to hit)
The searing ray hits the orc warlord but does no damage. (Press . to maintain the ray.)
Your larval batsting beast closely misses the orc warlord.
Your larval batsting beast hits the orc warlord but does no damage.
Your larval batsting beast stings the orc warlord but does no damage.
The searing ray hits the orc warlord but does no damage.
Your larval batsting beast hits the orc warlord but does no damage.
Your larval batsting beast stings the orc warlord but does no damage.
The orc warlord barely misses you.
The orc warlord hits your larval batsting beast with a +2 war axe of flaming!!
The orc warlord burns your larval batsting beast.
Your larval batsting beast dies!
Your larval batsting beast's corpse disappears in a puff of smoke!
The orc high priest hits you from afar with a +0 glaive!
* * * LOW HITPOINT WARNING * * *
You hear a shout!
Casting: Searing Ray (safe; 1% risk of failure)
Confirm with . or Enter, or press ? or * to list all spells.
You erupt in a blast of force!
The mystic blast hits the orc high priest!!
The orc high priest is moderately wounded.
The orc high priest is knocked back by the mystic blast.
The orc high priest slams into the rock wall!
The mystic blast hits the orc warlord.
The orc warlord is lightly wounded.
The orc warlord is knocked back by the mystic blast.
The orc warlord slams into the rock wall!
The orc warlord is lightly wounded.
* * * LOW HITPOINT WARNING * * *
The orc warlord hits you with a +2 war axe of flaming!
* * * LOW HITPOINT WARNING * * *
The orc warlord burns you.
* * * LOW HITPOINT WARNING * * *
As you read the scroll of fear, it crumbles to dust.
You assume a fearsome visage.
The orc warlord easily resists.
The orc high priest looks frightened!
The orc warlord hits you with a +2 war axe of flaming!!
You die...

.....o.)...# ......o))).#
.....##o.#)# ....##.....# ##
...♣#......# ##.## .#♣
##.#.o.######## ..........##
###.oo)....... #..#.......
###o#....#...
##...#.....#####@o###.##....
#.#.......##.##....# ## ...
..............##..## .
..#............#...#
...................##
....................#
#)...............#.##
#.)..............####
...##'#.#.#.........#


You could see an orc warlord (strong), an orc knight (strong) and an orc high
priest (strong, fleeing).

Vanquished Creatures
  2 stone giants (D:9)
  Erolcha (Orc:1)
  A centaur warrior (D:9)
  A two-headed ogre (D:6)
  A harpy (D:9)
  A wizard (D:9)
  2 orc knights (Orc:2)
  3 orc sorcerers (Orc:2)
  An ugly thing (D:9)
  A cyclops (D:9)
  A freezing wraith (D:9)
  5 trolls
  Prince Ribbit (D:6)
  A wraith (D:9)
  A steam dragon (D:8)
  2 vampire mosquitoes
  2 wargs (Orc:1)
  2 water moccasins
  2 black bears
  A necrophage (D:4)
  15 orc warriors
  3 ice beasts
  A sky beast (D:7)
  6 ogres
  2 centaurs
  2 phantoms
  2 kobold brigands
  5 elf zombies
  A wyvern zombie (D:8)
  4 bullfrogs
  2 elf skeletons (D:8)
  6 scorpions
  A water moccasin skeleton (D:6)
  13 killer bees
  A howler monkey (D:5)
  2 centaur zombies
  7 hounds
  3 jellies
  A human zombie (Ossuary)
  14 orc priests
  A bullfrog skeleton (D:5)
  A centaur skeleton (D:7)
  4 human skeletons (D:8)
  7 iguanas
  A scorpion zombie (D:5)
  11 orc wizards
  2 mummies (Ossuary)
  A hound skeleton (D:4)
  4 gnolls (D:8)
  2 howler monkey zombies
  10 adders
  2 shadow imps (D:6)
  A white imp (D:5)
  An ufetubus (D:5)
  3 adder zombies (Ossuary)
  11 worms
  5 dart slugs
  46 orcs
  11 ball pythons
  11 bats
  10 endoplasms
  4 giant cockroaches
  7 goblins
  3 hobgoblins
  5 jackals
  5 quokkas
  6 frilled lizards
  11 hobgoblin zombies (Ossuary)
  A jackal zombie (Ossuary)
  2 kobolds
  9 kobold zombies (Ossuary)
  An orc skeleton (D:8)
  9 orc zombies
  7 rats
  A rat zombie (Ossuary)
339 creatures vanquished.

Vanquished Creatures (collateral kills)
  2 orc knights
  A troll (Orc:2)
  6 yaks (D:9)
  A warg (Orc:2)
  2 orc warriors (Orc:2)
  2 ogres (Orc:2)
  An orc priest (Orc:2)
  2 orc wizards (Orc:2)
  3 orcs (Orc:2)
20 creatures vanquished.

Vanquished Creatures (others)
  10 fulminant prisms
  A snaplasher vine (Orc:1)
11 creatures vanquished.

Grand Total: 370 creatures vanquished

Notes
Turn   | Place    | Note
-------+----------+-------------------------------------------
     0 | D:1      | Dorkslayer the Djinni Conjurer began the quest for the Orb.
     0 | D:1      | Reached XP level 1. HP: 15/15 MP: 0/0
   147 | D:1      | Reached XP level 2. HP: 13/21 MP: 0/0
   603 | D:1      | Found Umpippunk's Book Shop.
  1075 | D:2      | Reached XP level 3. HP: 24/25 MP: 0/0
  1075 | D:2      | Learned a level 1 spell: Sandblast
  1299 | D:2      | Reached skill level 4 in Spellcasting
  1439 | D:2      | Reached XP level 4. HP: 25/31 MP: 0/0
  1780 | D:3      | Found a basalt altar of Yredelemnul.
  1851 | D:3      | Found a hide-covered altar of Uskayaw.
  2397 | D:3      | Found a stormy altar of Qazlal.
  2397 | D:3      | Found a white marble altar of Elyvilon.
  2402 | D:3      | Found a hazy altar of Hepliaklqana.
  2407 | D:3      | Found a shadowy altar of Dithmenos.
  2409 | D:3      | Found a glowing silver altar of Zin.
  2448 | D:3      | Became a worshipper of Dithmenos the Shadowed
  2523 | D:4      | Noticed a scorpion
  2532 | D:4      | Killed a scorpion
  2533 | D:4      | Reached skill level 5 in Spellcasting
  2533 | D:4      | Reached XP level 5. HP: 26/35 MP: 0/0
  2533 | D:4      | Learned a level 2 spell: Blink
  2542 | D:4      | Reached XP level 6. HP: 22/40 MP: 0/0
  2828 | D:4      | Reached XP level 7. HP: 5/45 MP: 0/0
  2828 | D:4      | Learned a level 2 spell: Wereblood
  3182 | D:4      | Reached skill level 6 in Spellcasting
  3755 | D:4      | Identified the +3 leather armour "Ragel" {rF+}
  4065 | D:4      | Reached skill level 1 in Fighting
  4065 | D:4      | Reached XP level 8. HP: 43/52 MP: 0/0
  4093 | D:5      | Entered Level 5 of the Dungeon
  4100 | D:5      | Reached skill level 1 in Short Blades
  4126 | D:5      | Reached skill level 7 in Spellcasting
  4126 | D:5      | Reached skill level 1 in Invocations
  4139 | D:5      | Reached * piety under Dithmenos
  4406 | D:5      | Found Riseriq's Armour Emporium.
  4425 | D:5      | Found a staircase to the Ecumenical Temple.
  4671 | D:5      | Reached XP level 9. HP: 40/57 MP: 0/0
  4671 | D:5      | Learned a level 3 spell: Vampiric Draining
  5170 | D:5      | Reached skill level 8 in Spellcasting
  5369 | D:5      | Identified 3 scrolls of acquirement
  5373 | D:5      | Acquired a manual of Long Blades
  5374 | D:5      | Acquired a manual of Spellcasting
  5376 | D:5      | Acquired an amulet of regeneration
  5515 | D:5      | Reached skill level 1 in Long Blades
  5760 | D:6      | Noticed Prince Ribbit
  5770 | D:6      | Killed Prince Ribbit
  5771 | D:6      | Reached skill level 1 in Evocations
  5949 | D:6      | Found a glowing drain.
  5970 | Sewer    | Entered a sewer
  5993 | Sewer    | Reached ** piety under Dithmenos
  6456 | D:6      | Found a burning altar of Makhleb.
  6525 | D:6      | Reached skill level 9 in Spellcasting
  6730 | D:6      | Noticed a two-headed ogre
  6737 | D:6      | Killed a two-headed ogre
  6738 | D:6      | Reached XP level 10. HP: 34/67 MP: 0/0
  7562 | D:8      | Reached *** piety under Dithmenos
  7598 | D:8      | Reached skill level 10 in Spellcasting
  7730 | D:8      | Found an ornate altar of the Wu Jian Council.
  7912 | D:8      | Found a sand-covered staircase.
  7921 | D:8      | Reached skill level 5 in Long Blades
  7924 | Ossuary  | Entered an ossuary
  7976 | Ossuary  | Reached **** piety under Dithmenos
  8473 | D:8      | Reached XP level 11. HP: 73/73 MP: 0/0
  8473 | D:8      | Learned a level 5 spell: Summon Forest
  8587 | D:9      | Reached skill level 5 in Invocations
  8634 | D:9      | Reached skill level 5 in Dodging
  8723 | D:9      | Found a staircase to the Orcish Mines.
  8846 | D:9      | Found an iron altar of Okawaru.
  8984 | D:9      | Noticed a centaur warrior
  8992 | D:9      | Killed a centaur warrior
  8992 | D:9      | Reached ***** piety under Dithmenos
  8993 | D:9      | Reached skill level 5 in Fighting
  8993 | D:9      | Reached skill level 11 in Spellcasting
  9014 | D:9      | Noticed a wizard
  9019 | D:9      | Killed a wizard
  9020 | D:9      | Noticed a cyclops
  9020 | D:9      | Noticed a brown ugly thing
  9026 | D:9      | Killed a cyclops
  9030 | D:9      | Killed a brown ugly thing
  9079 | D:9      | Noticed a harpy
  9083 | D:9      | Killed a harpy
  9093 | D:9      | Noticed a stone giant
  9096 | D:9      | Noticed a stone giant
  9113 | D:9      | Killed a stone giant
  9114 | D:9      | Reached skill level 5 in Evocations
  9122 | D:9      | Killed a stone giant
  9123 | D:9      | Reached skill level 12 in Spellcasting
  9123 | D:9      | Reached XP level 12. HP: 12/82 MP: 0/0
  9220 | D:9      | Identified the +8 whip of Imminent Death {vamp, rC+++}
  9222 | D:9      | Identified the +8 short sword of Blood {holy, +Blink rElec
                  | rC+ Str+2}
  9304 | Orc:1    | Entered Level 1 of the Orcish Mines
  9495 | Orc:1    | Noticed Erolcha
  9510 | Orc:1    | Killed Erolcha
  9865 | Orc:2    | Entered Level 2 of the Orcish Mines
 10131 | Orc:2    | Noticed a soul eater
 10280 | Orc:2    | Noticed a soul eater
 10282 | Orc:2    | Noticed a sun demon
 10283 | Orc:2    | Noticed a sixfirhy
 10285 | Orc:2    | Noticed an orc warlord
 10288 | Orc:2    | HP: 1/84 [orc wizard/magic dart (5)]
 10293 | Orc:2    | Noticed an orc high priest
 10315 | Orc:2    | Demolished by an orc warlord

Illustrated notes

Levels and vault maps discovered:
D:1:      dpeg_arrival_lava_temple_mockup, layout_basic, serial_shops, shop,
          minmay_pentomino_x4
D:2:      layout_basic, minmay_joined_circles
D:3:      layout_basic, mainiacjoe_overflow_brackets, vehumet_crystals,
          chequers_temple_overflow_minitemple,
          mainiacjoe_overflow_concentric_impassable
D:4:      layout_loops_corners, minmay_divided_ellipse
D:5:      minmay_recursive_quarters, layout_loops_ring,
          minmay_temple_entry_arrows, serial_shops, shop
D:6:      layout_loops_ring, lightli_temple_of_fire,
          cheibrodos_sewer_entry_bend, uniq_prince_ribbit1
D:7:      layout_basic
D:8:      layout_basic, amcnicky_altar_gilded, nicolae_ossuary_entry_catacombs
D:9:      minmay_sliced_demisemicircle, layout_rooms, okawaru_trees_2,
          orc_0_dummy
Orc:1:    layout_diamond_mine, basic_altar, serial_shops, shop,
          nicolae_orc_flooded_monolith, uniq_snorg, uniq_erolcha
Orc:2:    grunt_orc_community_town_hall, layout_diamond_mine,
          grunt_orc_community_big_house_2, grunt_orc_community_big_house_2,
          grunt_orc_community_house_2, grunt_orc_community_house_3,
          grunt_orc_community_house_2, grunt_orc_community_house_1, uniq_maurice

Skill      XL: |  1  2  3  4  5  6  7  8  9 10 11 12 |
---------------+-------------------------------------+-----
Spellcasting   | 4 5 6 7 9 10 12 | 12.8
Stealth        | 2 3 4 |  4.3
Dodging        | 3 4 5 6 |  6.6
Fighting       | 1 3 4 5 6 |  6.4
Short Blades   | 1 3 |  3.1
Invocations    | 2 4 6 |  6.7
Long Blades    | 3 5 7 8 |  8.7
Evocations     | 2 3 5 |  5.9

Action                   |  1- 3 |  4- 6 |  7- 9 | 10-12 || total
-------------------------+-------+-------+-------+-------++-------
Melee: Dagger            |     2 |     6 |    37 |       ||    45
       Falchion          |       |       |    36 |    86 ||   122
       Short sword       |       |       |       |     7 ||     7
Throw: Javelin           |       |       |       |     2 ||     2
 Cast: Magic Dart        |    39 |    38 |    91 |    98 ||   266
       Sandblast         |    10 |    26 |    30 |    28 ||    94
       Iskenderun's Myst |       |     2 |     7 |    64 ||    73
       Fulminant Prism   |       |     2 |     1 |     7 ||    10
       Dazzling Flash    |       |       |     2 |     1 ||     3
       Searing Ray       |       |       |    42 |    77 ||   119
       Vampiric Draining |       |       |    17 |    25 ||    42
       Summon Forest     |       |       |       |     4 ||     4
Evoke: Wand              |       |       |       |     2 ||     2
       Box of beasts     |       |       |       |     1 ||     1
  Use: Potion            |       |       |     5 |     8 ||    13
       Scroll            |       |       |    13 |    15 ||    28
 Stab: Sleeping          |       |       |       |     3 ||     3
       Distracted        |       |       |       |     1 ||     1
Armor: Robe              |     3 |     4 |    22 |    51 ||    80
       Skin              |       |       |    26 |       ||    26
Dodge: Dodged            |     7 |     9 |    88 |   143 ||   247

Table legend: (Time is in decaauts)
 A = Elapsed time spent in this place.
 B = Non-inter-level travel time spent in this place.
 C = Inter-level travel time spent in this place.
 D = Time resting spent in this place.
 E = Time spent auto-exploring this place.
 F = Levels seen in this place.
 G = Mean time per level.
                   A        B        C        D        E       F      G
               +--------+--------+--------+--------+--------+-----+--------+
         Total |  10214 |  10214 |      0 |   2436 |    910 |  13 |  785.7 |
       Dungeon |   8706 |   8706 |      0 |   2241 |    910 |   9 |  967.3 |
  Orcish Mines |    865 |    865 |      0 |    185 |      0 |   2 |  432.5 |
         Sewer |    441 |    441 |      0 |     10 |      0 |   1 |  441.0 |
       Ossuary |    200 |    200 |      0 |      0 |      0 |   1 |  200.0 |
               +--------+--------+--------+--------+--------+-----+--------+

Top non-repeatable levels by time:
     D:4: 1775 daAuts
     D:5: 1333 daAuts
     D:1: 984 daAuts
     D:8: 885 daAuts
     D:9: 829 daAuts
     D:2: 777 daAuts
     D:6: 741 daAuts
     D:3: 734 daAuts
     D:7: 644 daAuts
   Sewer: 441 daAuts
   Orc:1: 433 daAuts
   Orc:2: 431 daAuts
 Ossuary: 200 daAuts
